WCHLSIM.com - West Coast Hockey League
html PUBLIC "-//W3C//DTD XHTML 1.0 Transitional//EN" "http://www.w3.org/TR/xhtml1/DTD/xhtml1-transitional.dtd"> WCHL - Game 267 - WINNIPEG BEAVERS vs KELOWNA ROCKETS

WINNIPEG BEAVERS vs KELOWNA ROCKETS

Created - 20 novembre 2023 at 22:56

Goals
1 2 3 T
WINNIPEG BEAVERS 0 0 0 0
KELOWNA ROCKETS 1 0 0 1
Shots
1 2 3 T
WINNIPEG BEAVERS 10 9 5 24
KELOWNA ROCKETS 4 7 8 19

1st period

1. KELOWNA ROCKETS , Pavel Buchnevich 5 (Auston Matthews 7) at 7:55

Penalties :
Kyle Burroughs (KEL) for Hooking (Minor) at 19:16

2nd period

No Goal

Penalties :
Kyle Burroughs (KEL) for Interference (Minor) at 9:44, Kyle Burroughs (KEL) for Tripping (Minor) at 14:39

3rd period

No Goal

Penalties :
Adam Larsson (WIN) for Hooking (Minor) at 1:20, Dmitri Orlov (KEL) for Hooking (Minor) at 4:08, Sean Kuraly (WIN) for High sticking (Minor) at 15:46

Goalie Stats

Ville Husso (WIN), 18 saves from 19 shots - (0,947), L, 10-5-2, 59:35 minutes
Pavel Francouz (KEL), 24 saves from 24 shots - (1,000), W, 2-2-0, 60:00 minutes

Players Stats for WINNIPEG BEAVERS

Player Name              G  A  P  +/- PIM S  H  SB GA TA FO     MP     PP MP  PK MP  
------------------------------------------------------------------------------------
Adam Larsson             0  0  0  -1  2   2  2  0  0  0  0/0    20:01   3:23   1:17 
Alexander DeBrincat      0  0  0   0  0   6  0  0  0  0  0/0    21:10   4:47   0:33 
Brandon Saad             0  0  0   0  0   2  0  0  0  0  0/2    17:07   3:09   0:00 
Brandon Tanev            0  0  0  -1  0   1  1  0  0  0  0/0    10:54   0:00   0:00 
Brayden Schenn           0  0  0   0  0   1  0  0  0  0  16/24  21:55   4:47   1:18 
Cal Clutterbuck          0  0  0   0  0   0  4  0  0  0  0/2     8:07   0:00   0:43 
Caleb Jones              0  0  0   0  0   0  1  0  0  0  0/0    16:32   0:00   0:44 
Carson Soucy             0  0  0   0  0   0  1  2  0  0  0/0    17:40   0:00   1:57 
Derick Brassard          0  0  0  -1  0   2  1  0  0  0  5/11   11:27   0:00   0:33 
Dylan Gambrell           0  0  0   0  0   0  0  0  0  0  0/1     7:24   0:00   0:00 
John Carlson             0  0  0   0  0   1  0  1  0  0  0/0    22:12   4:33   0:00 
Luke Schenn              0  0  0   0  0   0  0  2  0  0  0/0    18:45   3:23   1:28 
Nick Cousins             0  0  0   0  0   1  0  0  0  0  4/10    7:24   0:00   0:00 
Ondrej Palat             0  0  0   0  0   5  0  0  0  0  0/1    18:25   3:09   1:18 
Sam Bennett              0  0  0   0  0   2  4  0  0  0  0/1    22:44   4:47   2:07 
Sean Kuraly              0  0  0   0  2   0  4  0  0  0  11/21  18:30   3:09   1:24 
Trevor Lewis             0  0  0  -1  0   1  2  1  0  0  1/1    10:54   0:00   0:00 
Victor Hedman            0  0  0  -1  0   0  2  1  0  0  0/0    24:49   4:33   2:30 

Players Stats for KELOWNA ROCKETS

Player Name              G  A  P  +/- PIM S  H  SB GA TA FO     MP     PP MP  PK MP  
------------------------------------------------------------------------------------
Adam Fox                 0  0  0   0  0   0  3  2  0  0  0/0    23:08   1:54   3:58 
Anthony DeAngelo         0  0  0   0  0   1  0  2  0  0  0/0    21:34   2:04   3:58 
Auston Matthews          0  1  1   1  0   2  0  0  0  0  9/22   16:57   1:54   0:48 
Calle Jarnkrok           0  0  0   0  0   1  0  0  0  0  0/1    14:50   2:04   1:10 
Derek Ryan               0  0  0   0  0   3  0  1  0  0  4/10   12:26   0:00   0:00 
Dmitri Orlov             0  0  0   0  2   1  1  0  0  0  0/0    22:16   1:54   3:07 
Erik Brannstrom          0  0  0   1  0   0  0  1  0  0  0/0    17:30   2:04   0:08 
J.T. Compher             0  0  0   0  0   3  2  0  0  0  18/25  22:13   1:46   6:14 
Kyle Burroughs           0  0  0   1  6   0  1  2  0  0  0/0    15:08   0:00   0:43 
Lukas Sedlak             0  0  0   0  0   0  1  0  0  0  1/1     8:02   0:00   0:00 
Mark Giordano            0  0  0   0  0   0  2  1  0  0  0/0    20:20   0:00   3:58 
Noah Gregor              0  0  0   0  0   0  0  0  0  0  5/10    8:02   0:00   0:00 
Parker Kelly             0  0  0   0  0   0  4  0  0  0  0/2    11:44   0:00   0:08 
Pavel Buchnevich         1  0  1   1  0   1  1  0  0  0  0/0    21:17   0:18   6:44 
Pavel Dorofeyev          0  0  0   0  0   0  0  0  0  0  0/0    10:06   2:04   0:00 
Tyler Bertuzzi           0  0  0   0  0   3  0  0  0  0  0/2    15:17   1:54   0:00 
Valeri Nichushkin        0  0  0   1  0   2  0  0  0  0  0/0    14:15   0:00   0:00 
Vladimir Tarasenko       0  0  0   0  0   2  0  0  0  0  0/1    16:55   1:54   0:48 

3 Stars

1 - Pavel Francouz (KEL)
2 - Pavel Buchnevich (KEL)
3 - Ville Husso (WIN)

Power Play

WINNIPEG BEAVERS - 0 on 4 Attempt(s) - 0,00%
KELOWNA ROCKETS - 0 on 2 Attempt(s) - 0,00%

Penalty Kill

WINNIPEG BEAVERS - 2 on 2 Attempt(s) - 100,00% - Score 0 goal in Penalty Kill
KELOWNA ROCKETS - 4 on 4 Attempt(s) - 100,00% - Score 0 goal in Penalty Kill

Team Stat

WINNIPEG BEAVERS - Hits : 22 - Faceoff Wins : 37 - Blocked Shots : 7 - Penalty Minutes : 4
KELOWNA ROCKETS - Hits : 15 - Faceoff Wins : 37 - Blocked Shots : 9 - Penalty Minutes : 8

Official

Referees : Reid Anderson and Ryan Hersey
Linesman : James Tobias and Travis Gawryletz

Game Notes

No Game Note

Finance

Level 1 -- Attendance: 6600 (100,00%) -- Ticket Income 818 400 $
Level 2 -- Attendance: 5600 (100,00%) -- Ticket Income 526 400 $
Level 3 -- Attendance: 3200 (100,00%) -- Ticket Income 204 800 $
Level 4 -- Attendance: 5172 (92,36%) -- Ticket Income 279 288 $
Luxury Box -- Attendance: 1000 (100,00%) -- Ticket Income 259 000 $
Game was played at the Cherepanov Coliseum.
Total Attendance: 21572 (98,05%)
Total Ticket Income: 2 087 888 $
Other Expense: 20 879 $
Total Income: 2 067 009 $

WINNIPEG BEAVERS

5 vs 5 Forward 
   Center                   Left Wing                Right Wing               Time % Phy DF OF 
 1 Brayden Schenn           Sam Bennett              Alexander DeBrincat      35     1   2  2  
 2 Sean Kuraly              Ondrej Palat             Brandon Saad             32     1   2  2  
 3 Derick Brassard          Brandon Tanev            Trevor Lewis             25     2   2  1  
 4 Nick Cousins             Dylan Gambrell           Cal Clutterbuck          8      3   2  0  

5 vs 5 Defense 
   Defense                  Defense                                           Time % Phy DF OF 
 1 Victor Hedman            Adam Larsson                                      36     1   2  2  
 2 John Carlson             Luke Schenn                                       34     1   2  2  
 3 Caleb Jones              Carson Soucy                                      25     1   3  1  
 4 Victor Hedman            John Carlson                                      5      1   2  2  

PowerPlay Forward 
   Center                   Left Wing                Right Wing               Time % Phy DF OF 
 1 Brayden Schenn           Sam Bennett              Alexander DeBrincat      52     1   0  4  
 2 Sean Kuraly              Ondrej Palat             Brandon Saad             48     1   0  4  

PowerPlay Defense
   Defense                  Defense                                           Time % Phy DF OF 
 1 Victor Hedman            John Carlson                                      55     0   1  4  
 2 Adam Larsson             Luke Schenn                                       45     0   1  4  

Penalty Kill 4 Players Forward 
   Center                   Wing                     Time % Phy DF OF 
 1 Sean Kuraly              Sam Bennett              51     0   4  1  
 2 Brayden Schenn           Ondrej Palat             49     0   4  1  

Penalty Kill 4 Players Defense
   Defense                  Defense                  Time % Phy DF OF 
 1 Victor Hedman            Adam Larsson             53     1   4  0  
 2 Carson Soucy             Luke Schenn              47     1   4  0  

Penalty Kill - 3 Players Forward 
   Forward                                           Time % Phy DF OF 
 1 Brayden Schenn                                    55     1   2  2  
 2 Sam Bennett                                       45     1   2  2  

Penalty Kill - 3 Players Defense
   Defense                  Defense                  Time % Phy DF OF 
 1 Victor Hedman            John Carlson             55     1   2  2  
 2 Adam Larsson             Luke Schenn              45     1   2  2  

4 vs 4 Forward 
   Center                   Wing                     Time % Phy DF OF 
 1 Brayden Schenn           Alexander DeBrincat      52     1   2  2  
 2 Sam Bennett              Ondrej Palat             48     1   2  2  

4 vs 4 Defense
   Defense                  Defense                  Time % Phy DF OF 
 1 Victor Hedman            John Carlson             52     1   2  2  
 2 Adam Larsson             Luke Schenn              48     1   2  2  

Last Minutes Offensive
   Center                   Left Wing                Right Wing               Defense                  Defense                  
   Brayden Schenn           Sam Bennett              Alexander DeBrincat      Victor Hedman            John Carlson             

Last Minutes Defensive
   Center                   Left Wing                Right Wing               Defense                  Defense                  
   Brayden Schenn           Sam Bennett              Alexander DeBrincat      Victor Hedman            John Carlson             

Goaltenders
Starting : Ville Husso              
Backup : Logan Thompson           

Extra Forwards
Normal : Sam Bennett, Derick Brassard, Cal Clutterbuck - PP : Sam Bennett, Derick Brassard - PK : Cal Clutterbuck
Extra Defensemen
Normal : Caleb Jones, Carson Soucy, Adam Larsson - PP : Caleb Jones - PK : Carson Soucy, Adam Larsson
Penalty Shots
Brayden Schenn, Sam Bennett, Alexander DeBrincat, Ondrej Palat, Brandon Tanev
Custom OT Lines Forwards
Brayden Schenn, Sam Bennett, Alexander DeBrincat, Ondrej Palat, Brandon Tanev, Sean Kuraly, Brandon Saad, Derick Brassard, Cal Clutterbuck, Trevor Lewis
Custom OT Lines Defensemen
Victor Hedman, John Carlson, Adam Larsson, Luke Schenn, Caleb Jones

Scratches
Kiefer Sherwood (Healthy)

KELOWNA ROCKETS

5 vs 5 Forward 
   Center                   Left Wing                Right Wing               Time % Phy DF OF 
 1 Auston Matthews          Pavel Buchnevich         Valeri Nichushkin        36     0   2  3  
 2 J.T. Compher             Tyler Bertuzzi           Vladimir Tarasenko       36     0   2  3  
 3 Derek Ryan               Parker Kelly             Calle Jarnkrok           28     0   4  1  
 4 Noah Gregor              Lukas Sedlak             Pavel Dorofeyev          0      0   3  2  

5 vs 5 Defense 
   Defense                  Defense                                           Time % Phy DF OF 
 1 Adam Fox                 Dmitri Orlov                                      37     0   4  1  
 2 Mark Giordano            Anthony DeAngelo                                  35     0   4  1  
 3 Erik Brannstrom          Kyle Burroughs                                    28     0   4  1  
 4 Dmitri Orlov             Mark Giordano                                     0      0   3  2  

PowerPlay Forward 
   Center                   Left Wing                Right Wing               Time % Phy DF OF 
 1 Auston Matthews          Tyler Bertuzzi           Vladimir Tarasenko       60     0   0  5  
 2 J.T. Compher             Pavel Dorofeyev          Calle Jarnkrok           40     0   0  5  

PowerPlay Defense
   Defense                  Defense                                           Time % Phy DF OF 
 1 Adam Fox                 Dmitri Orlov                                      65     0   1  4  
 2 Anthony DeAngelo         Erik Brannstrom                                   35     0   1  4  

Penalty Kill 4 Players Forward 
   Center                   Wing                     Time % Phy DF OF 
 1 J.T. Compher             Pavel Buchnevich         65     0   5  0  
 2 Auston Matthews          Vladimir Tarasenko       35     0   5  0  

Penalty Kill 4 Players Defense
   Defense                  Defense                  Time % Phy DF OF 
 1 Adam Fox                 Mark Giordano            55     0   5  0  
 2 Dmitri Orlov             Anthony DeAngelo         45     0   5  0  

Penalty Kill - 3 Players Forward 
   Forward                                           Time % Phy DF OF 
 1 J.T. Compher                                      60     0   5  0  
 2 Auston Matthews                                   40     0   5  0  

Penalty Kill - 3 Players Defense
   Defense                  Defense                  Time % Phy DF OF 
 1 Adam Fox                 Mark Giordano            55     0   5  0  
 2 Dmitri Orlov             Anthony DeAngelo         45     0   5  0  

4 vs 4 Forward 
   Center                   Wing                     Time % Phy DF OF 
 1 Auston Matthews          Vladimir Tarasenko       55     0   1  4  
 2 J.T. Compher             Pavel Buchnevich         45     0   1  4  

4 vs 4 Defense
   Defense                  Defense                  Time % Phy DF OF 
 1 Adam Fox                 Dmitri Orlov             55     0   2  3  
 2 Mark Giordano            Anthony DeAngelo         45     0   2  3  

Last Minutes Offensive
   Center                   Left Wing                Right Wing               Defense                  Defense                  
   Auston Matthews          Pavel Buchnevich         Vladimir Tarasenko       Adam Fox                 Dmitri Orlov             

Last Minutes Defensive
   Center                   Left Wing                Right Wing               Defense                  Defense                  
   Auston Matthews          J.T. Compher             Pavel Buchnevich         Adam Fox                 Dmitri Orlov             

Goaltenders
Starting : Pavel Francouz           
Backup : Alex Stalock             

Extra Forwards
Normal : Auston Matthews, Pavel Buchnevich, Vladimir Tarasenko - PP : Pavel Dorofeyev, Pavel Buchnevich - PK : Calle Jarnkrok
Extra Defensemen
Normal : Anthony DeAngelo, Dmitri Orlov, Mark Giordano - PP : Mark Giordano - PK : Kyle Burroughs, Erik Brannstrom
Penalty Shots
Auston Matthews, Vladimir Tarasenko, Pavel Buchnevich, Calle Jarnkrok, Tyler Bertuzzi
Custom OT Lines Forwards
Auston Matthews, Pavel Buchnevich, J.T. Compher, Vladimir Tarasenko, Derek Ryan, Tyler Bertuzzi, Noah Gregor, Calle Jarnkrok, Lukas Sedlak, Pavel Dorofeyev
Custom OT Lines Defensemen
Adam Fox, Mark Giordano, Dmitri Orlov, Anthony DeAngelo, Kyle Burroughs

Scratches
Craig Anderson (Lacerated Right Calf Injury)

% Time on Ice - WINNIPEG BEAVERS

Lines # - Real PCT - Wanted PCT - Time Play
Normal Forward
1 - 32% - 35% - 15:12
2 - 29% - 32% - 13:58
3 - 23% - 25% - 10:54
4 - 16% - 8% - 7:24
Normal Defense
1 - 32% - 36% - 15:22
2 - 31% - 34% - 14:37
3 - 32% - 25% - 15:05
4 - 5% - 5% - 2:24
PP Forward
1 - 60% - 52% - 4:47
2 - 40% - 48% - 3:09
PP Defense
1 - 57% - 55% - 4:33
2 - 43% - 45% - 3:23
PK Forward
1 - 67% - 51% - 2:40
2 - 33% - 49% - 1:18
PK Defense
1 - 69% - 53% - 2:44
2 - 31% - 47% - 1:14
PK3 Forward
1 - 0% - 55%
2 - 0% - 45%
PK3 Defense
1 - 0% - 55%
2 - 0% - 45%
44 Forward
1 - 0% - 52%
2 - 0% - 48%
44 Defense
1 - 0% - 52%
2 - 0% - 48%
Last Minute Offensive  - 0:38
Last Minute Defensive  - 0:00
Total
Forward - 60:00
Defense - 60:00

% Time on Ice - KELOWNA ROCKETS

Lines # - Real PCT - Wanted PCT - Time Play
Normal Forward
1 - 30% - 36% - 14:15
2 - 28% - 36% - 13:23
3 - 25% - 28% - 11:36
4 - 17% - 0% - 8:02
Normal Defense
1 - 37% - 37% - 17:16
2 - 33% - 35% - 15:32
3 - 31% - 28% - 14:28
4 - 0% - 0% - 0:00
PP Forward
1 - 48% - 60% - 1:54
2 - 52% - 40% - 2:04
PP Defense
1 - 48% - 65% - 1:54
2 - 52% - 35% - 2:04
PK Forward
1 - 90% - 65% - 7:08
2 - 10% - 35% - 0:48
PK Defense
1 - 50% - 55% - 3:58
2 - 50% - 45% - 3:58
PK3 Forward
1 - 0% - 60%
2 - 0% - 40%
PK3 Defense
1 - 0% - 55%
2 - 0% - 45%
44 Forward
1 - 0% - 55%
2 - 0% - 45%
44 Defense
1 - 0% - 55%
2 - 0% - 45%
Last Minute Offensive  - 0:00
Last Minute Defensive  - 0:50
Total
Forward - 60:00
Defense - 60:00

Play-by-Play

1st period


0:01 of 1st period - Brayden Schenn wins face-off versus Auston Matthews in neutral zone.
0:06 of 1st period - Shot by Alexander DeBrincat.
0:06 of 1st period - Stopped by Pavel Francouz with a rebound.
0:21 of 1st period - Off-side.
0:22 of 1st period - J.T. Compher wins face-off versus Sean Kuraly in neutral zone.
0:48 of 1st period - Shot by Ondrej Palat.
0:48 of 1st period - Shot Blocked by Anthony DeAngelo.
0:50 of 1st period - Shot by Sean Kuraly.
0:50 of 1st period - Shot Misses the Net.
0:52 of 1st period - Shot by Sean Kuraly.
0:52 of 1st period - Shot Blocked by Mark Giordano.
2:28 of 1st period - Shot by Derek Ryan.
2:28 of 1st period - Stopped by Ville Husso without a rebound.
2:29 of 1st period - Auston Matthews wins face-off versus Brayden Schenn in WINNIPEG BEAVERS zone.
2:42 of 1st period - Icing by Victor Hedman.
2:43 of 1st period - Brayden Schenn wins face-off versus Noah Gregor in WINNIPEG BEAVERS zone.
3:57 of 1st period - Shot by Pavel Buchnevich.
3:57 of 1st period - Shot Misses the Net.
4:08 of 1st period - Shot by Valeri Nichushkin.
4:08 of 1st period - Stopped by Ville Husso without a rebound.
4:09 of 1st period - Sean Kuraly wins face-off versus Parker Kelly in WINNIPEG BEAVERS zone.
4:09 of 1st period - Sean Kuraly is hit by Parker Kelly.
4:38 of 1st period - Shot by Ondrej Palat.
4:38 of 1st period - Shot Misses the Net.
4:40 of 1st period - Shot by Luke Schenn.
4:40 of 1st period - Shot Blocked by Derek Ryan.
4:42 of 1st period - Shot by Sean Kuraly.
4:42 of 1st period - Shot Misses the Net.
4:48 of 1st period - Shot by Ondrej Palat.
4:48 of 1st period - Shot Misses the Net.
4:52 of 1st period - Shot by Ondrej Palat.
4:52 of 1st period - Shot Blocked by Anthony DeAngelo.
5:07 of 1st period - Icing by Carson Soucy.
5:08 of 1st period - Nick Cousins wins face-off versus Auston Matthews in WINNIPEG BEAVERS zone.
7:04 of 1st period - Shot by John Carlson.
7:04 of 1st period - Shot Misses the Net.
7:16 of 1st period - Luke Schenn is hit by Lukas Sedlak and loses puck.
7:55 of 1st period - Shot by Pavel Buchnevich.
7:55 of 1st period - Goal by Pavel Buchnevich - WINNIPEG BEAVERS : 0 - KELOWNA ROCKETS : 1.
7:56 of 1st period - Brayden Schenn wins face-off versus Derek Ryan in neutral zone.
7:56 of 1st period - Victor Hedman is hit by Parker Kelly and loses puck.
8:15 of 1st period - Shot by Sam Bennett.
8:15 of 1st period - Shot Blocked by Kyle Burroughs.
8:17 of 1st period - Shot by Adam Larsson.
8:17 of 1st period - Stopped by Pavel Francouz without a rebound.
8:18 of 1st period - Trevor Lewis wins face-off versus Auston Matthews in KELOWNA ROCKETS zone.
8:47 of 1st period - Shot by Auston Matthews.
8:47 of 1st period - Stopped by Ville Husso with a rebound.
10:01 of 1st period - Mark Giordano is hit by Sam Bennett and loses puck.
10:51 of 1st period - Shot by Brandon Saad.
10:51 of 1st period - Stopped by Pavel Francouz without a rebound.
10:52 of 1st period - Auston Matthews wins face-off versus Nick Cousins in KELOWNA ROCKETS zone.
10:59 of 1st period - Carson Soucy is hit by Pavel Buchnevich and loses puck.
11:09 of 1st period - Icing by Adam Fox.
11:10 of 1st period - Auston Matthews wins face-off versus Sean Kuraly in KELOWNA ROCKETS zone.
12:45 of 1st period - Icing by Pavel Buchnevich.
12:46 of 1st period - Auston Matthews wins face-off versus Derick Brassard in KELOWNA ROCKETS zone.
12:46 of 1st period - Auston Matthews is hit by Trevor Lewis.
13:14 of 1st period - Shot by Trevor Lewis.
13:14 of 1st period - Stopped by Pavel Francouz with a rebound.
13:16 of 1st period - Shot by John Carlson.
13:16 of 1st period - Shot Misses the Net.
13:22 of 1st period - Shot by Derick Brassard.
13:22 of 1st period - Stopped by Pavel Francouz without a rebound.
13:23 of 1st period - Sean Kuraly wins face-off versus Parker Kelly in KELOWNA ROCKETS zone.
13:52 of 1st period - Off-side.
13:53 of 1st period - Brayden Schenn wins face-off versus Vladimir Tarasenko in neutral zone.
14:36 of 1st period - Shot by Sam Bennett.
14:36 of 1st period - Deflect By Alexander DeBrincat.
14:36 of 1st period - Stopped by Pavel Francouz without a rebound.
14:37 of 1st period - Derek Ryan wins face-off versus Brandon Saad in KELOWNA ROCKETS zone.
14:56 of 1st period - Shot by Sean Kuraly.
14:56 of 1st period - Shot Misses the Net.
15:16 of 1st period - Shot by Ondrej Palat.
15:16 of 1st period - Stopped by Pavel Francouz without a rebound.
15:17 of 1st period - Lukas Sedlak wins face-off versus Derick Brassard in KELOWNA ROCKETS zone.
15:17 of 1st period - Lukas Sedlak is hit by Trevor Lewis.
15:24 of 1st period - Anthony DeAngelo is hit by Adam Larsson and loses puck.
15:48 of 1st period - Off-side.
15:49 of 1st period - Brayden Schenn wins face-off versus J.T. Compher in neutral zone.
16:03 of 1st period - Off-side.
16:04 of 1st period - Sean Kuraly wins face-off versus Auston Matthews in neutral zone.
16:29 of 1st period - Icing by Auston Matthews.
16:30 of 1st period - Brayden Schenn wins face-off versus Auston Matthews in KELOWNA ROCKETS zone.
17:06 of 1st period - Shot by Alexander DeBrincat.
17:06 of 1st period - Stopped by Pavel Francouz without a rebound.
17:07 of 1st period - J.T. Compher wins face-off versus Derick Brassard in KELOWNA ROCKETS zone.
17:07 of 1st period - J.T. Compher is hit by Brandon Tanev.
17:38 of 1st period - Icing by Anthony DeAngelo.
17:39 of 1st period - J.T. Compher wins face-off versus Sean Kuraly in KELOWNA ROCKETS zone.
17:39 of 1st period - J.T. Compher is hit by Sean Kuraly.
17:52 of 1st period - Icing by Mark Giordano.
17:53 of 1st period - J.T. Compher wins face-off versus Brayden Schenn in KELOWNA ROCKETS zone.
18:09 of 1st period - Shot by Tyler Bertuzzi.
18:09 of 1st period - Shot Misses the Net.
18:35 of 1st period - Shot by Sam Bennett.
18:35 of 1st period - Shot Misses the Net.
19:11 of 1st period - Shot by Ondrej Palat.
19:11 of 1st period - Stopped by Pavel Francouz without a rebound.
19:12 of 1st period - Derick Brassard wins face-off versus Auston Matthews in KELOWNA ROCKETS zone.
19:12 of 1st period - Brandon Tanev is hit by Kyle Burroughs and loses puck.
19:16 of 1st period - Minor Penalty to Kyle Burroughs for Hooking.
19:17 of 1st period - J.T. Compher wins face-off versus Sean Kuraly in KELOWNA ROCKETS zone.
19:26 of 1st period - Shot by Victor Hedman.
19:26 of 1st period - Shot Misses the Net.
19:28 of 1st period - Shot by Sean Kuraly.
19:28 of 1st period - Deflect By Brandon Saad.
19:28 of 1st period - Stopped by Pavel Francouz without a rebound.
19:29 of 1st period - J.T. Compher wins face-off versus Brayden Schenn in KELOWNA ROCKETS zone.
19:48 of 1st period - Icing by Luke Schenn.
19:49 of 1st period - Brayden Schenn wins face-off versus J.T. Compher in WINNIPEG BEAVERS zone.
Goals for this period are 0 for WINNIPEG BEAVERS vs 1 for KELOWNA ROCKETS.
Shots for this period are 10 for WINNIPEG BEAVERS vs 4 for KELOWNA ROCKETS.

2nd period


0:01 of 2nd period - Brayden Schenn wins face-off versus J.T. Compher in neutral zone.
0:06 of 2nd period - Shot by Sam Bennett.
0:06 of 2nd period - Shot Misses the Net.
0:14 of 2nd period - Shot by Victor Hedman.
0:14 of 2nd period - Shot Misses the Net.
0:50 of 2nd period - Shot by J.T. Compher.
0:50 of 2nd period - Stopped by Ville Husso without a rebound.
0:51 of 2nd period - Sean Kuraly wins face-off versus J.T. Compher in WINNIPEG BEAVERS zone.
1:31 of 2nd period - Icing by Erik Brannstrom.
1:32 of 2nd period - Derek Ryan wins face-off versus Nick Cousins in KELOWNA ROCKETS zone.
1:43 of 2nd period - Shot by Adam Larsson.
1:43 of 2nd period - Shot Blocked by Kyle Burroughs.
1:45 of 2nd period - Shot by Nick Cousins.
1:45 of 2nd period - Stopped by Pavel Francouz without a rebound.
1:46 of 2nd period - Sean Kuraly wins face-off versus Noah Gregor in KELOWNA ROCKETS zone.
2:08 of 2nd period - Icing by Adam Fox.
2:09 of 2nd period - Noah Gregor wins face-off versus Brayden Schenn in KELOWNA ROCKETS zone.
2:09 of 2nd period - Noah Gregor is hit by Sam Bennett.
2:18 of 2nd period - Adam Fox is hit by Victor Hedman and loses puck.
3:22 of 2nd period - Shot by Tyler Bertuzzi.
3:22 of 2nd period - Shot Blocked by Luke Schenn.
3:25 of 2nd period - Icing by John Carlson.
3:26 of 2nd period - Sean Kuraly wins face-off versus Derek Ryan in WINNIPEG BEAVERS zone.
3:32 of 2nd period - Brandon Saad is hit by Parker Kelly and loses puck.
3:42 of 2nd period - Shot by Brandon Saad.
3:42 of 2nd period - Deflect By Ondrej Palat.
3:42 of 2nd period - Stopped by Pavel Francouz without a rebound.
3:43 of 2nd period - Auston Matthews wins face-off versus Derick Brassard in KELOWNA ROCKETS zone.
3:55 of 2nd period - Brandon Tanev is hit by Adam Fox and loses puck.
3:58 of 2nd period - Shot by Trevor Lewis.
3:58 of 2nd period - Deflect By Derick Brassard.
3:58 of 2nd period - Stopped by Pavel Francouz without a rebound.
3:59 of 2nd period - J.T. Compher wins face-off versus Brayden Schenn in KELOWNA ROCKETS zone.
4:03 of 2nd period - Off-side.
4:04 of 2nd period - J.T. Compher wins face-off versus Derick Brassard in neutral zone.
4:37 of 2nd period - Shot by J.T. Compher.
4:37 of 2nd period - Shot Misses the Net.
4:43 of 2nd period - Shot by Tyler Bertuzzi.
4:43 of 2nd period - Stopped by Ville Husso without a rebound.
4:44 of 2nd period - Sean Kuraly wins face-off versus Derek Ryan in WINNIPEG BEAVERS zone.
5:16 of 2nd period - Icing by Dmitri Orlov.
5:17 of 2nd period - Brayden Schenn wins face-off versus Derek Ryan in KELOWNA ROCKETS zone.
5:27 of 2nd period - Icing by Dmitri Orlov.
5:28 of 2nd period - Derick Brassard wins face-off versus Derek Ryan in KELOWNA ROCKETS zone.
6:23 of 2nd period - Shot by Valeri Nichushkin.
6:23 of 2nd period - Shot Misses the Net.
6:25 of 2nd period - Shot by Auston Matthews.
6:25 of 2nd period - Shot Misses the Net.
6:27 of 2nd period - Shot by Pavel Buchnevich.
6:27 of 2nd period - Deflect By Auston Matthews.
6:27 of 2nd period - Shot Misses the Net.
6:29 of 2nd period - Shot by Kyle Burroughs.
6:29 of 2nd period - Shot Misses the Net.
6:31 of 2nd period - Shot by Valeri Nichushkin.
6:31 of 2nd period - Shot Misses the Net.
6:58 of 2nd period - Shot by Tyler Bertuzzi.
6:58 of 2nd period - Deflect By J.T. Compher.
6:58 of 2nd period - Shot Blocked by John Carlson.
7:00 of 2nd period - Shot by Vladimir Tarasenko.
7:00 of 2nd period - Stopped by Ville Husso with a rebound.
7:06 of 2nd period - Shot by Anthony DeAngelo.
7:06 of 2nd period - Stopped by Ville Husso without a rebound.
7:07 of 2nd period - Noah Gregor wins face-off versus Sam Bennett in WINNIPEG BEAVERS zone.
7:07 of 2nd period - Adam Fox is hit by Adam Larsson and loses puck.
7:23 of 2nd period - Shot by Alexander DeBrincat.
7:23 of 2nd period - Stopped by Pavel Francouz without a rebound.
7:24 of 2nd period - Derek Ryan wins face-off versus Brandon Saad in KELOWNA ROCKETS zone.
7:29 of 2nd period - Caleb Jones is hit by Parker Kelly and loses puck.
8:46 of 2nd period - Shot by J.T. Compher.
8:46 of 2nd period - Stopped by Ville Husso without a rebound.
8:47 of 2nd period - Auston Matthews wins face-off versus Nick Cousins in WINNIPEG BEAVERS zone.
8:59 of 2nd period - Auston Matthews is hit by Victor Hedman and loses puck.
9:26 of 2nd period - Shot by Valeri Nichushkin.
9:26 of 2nd period - Stopped by Ville Husso without a rebound.
9:27 of 2nd period - Brayden Schenn wins face-off versus Tyler Bertuzzi in WINNIPEG BEAVERS zone.
9:27 of 2nd period - Brayden Schenn is hit by J.T. Compher.
9:44 of 2nd period - Minor Penalty to Kyle Burroughs for Interference.
9:45 of 2nd period - Sean Kuraly wins face-off versus J.T. Compher in KELOWNA ROCKETS zone.
9:58 of 2nd period - Shot by Ondrej Palat.
9:58 of 2nd period - Stopped by Pavel Francouz without a rebound.
9:59 of 2nd period - J.T. Compher wins face-off versus Brayden Schenn in KELOWNA ROCKETS zone.
11:49 of 2nd period - Shot by Calle Jarnkrok.
11:49 of 2nd period - Shot Blocked by Trevor Lewis.
11:51 of 2nd period - Shot by Derek Ryan.
11:51 of 2nd period - Shot Blocked by Carson Soucy.
12:05 of 2nd period - Shot by Calle Jarnkrok.
12:05 of 2nd period - Stopped by Ville Husso without a rebound.
12:06 of 2nd period - Noah Gregor wins face-off versus Cal Clutterbuck in WINNIPEG BEAVERS zone.
12:20 of 2nd period - Icing by John Carlson.
12:21 of 2nd period - Nick Cousins wins face-off versus Derek Ryan in WINNIPEG BEAVERS zone.
13:24 of 2nd period - Shot by Alexander DeBrincat.
13:24 of 2nd period - Stopped by Pavel Francouz without a rebound.
13:25 of 2nd period - Sean Kuraly wins face-off versus Tyler Bertuzzi in KELOWNA ROCKETS zone.
13:29 of 2nd period - Icing by Kyle Burroughs.
13:30 of 2nd period - J.T. Compher wins face-off versus Ondrej Palat in KELOWNA ROCKETS zone.
14:27 of 2nd period - J.T. Compher is hit by Sean Kuraly and loses puck.
14:39 of 2nd period - Minor Penalty to Kyle Burroughs for Tripping.
14:40 of 2nd period - Brayden Schenn wins face-off versus Calle Jarnkrok in KELOWNA ROCKETS zone.
14:49 of 2nd period - Shot by Victor Hedman.
14:49 of 2nd period - Shot Blocked by Adam Fox.
14:51 of 2nd period - Shot by John Carlson.
14:51 of 2nd period - Shot Misses the Net.
14:53 of 2nd period - Shot by Alexander DeBrincat.
14:53 of 2nd period - Shot Blocked by Adam Fox.
15:03 of 2nd period - Shot by Alexander DeBrincat.
15:03 of 2nd period - Stopped by Pavel Francouz without a rebound.
15:04 of 2nd period - J.T. Compher wins face-off versus Brayden Schenn in KELOWNA ROCKETS zone.
15:17 of 2nd period - Shot by Pavel Buchnevich.
15:17 of 2nd period - Shot Blocked by Luke Schenn.
16:14 of 2nd period - Shot by Ondrej Palat.
16:14 of 2nd period - Stopped by Pavel Francouz without a rebound.
16:15 of 2nd period - Sean Kuraly wins face-off versus Auston Matthews in KELOWNA ROCKETS zone.
16:16 of 2nd period - Shot by John Carlson.
16:16 of 2nd period - Stopped by Pavel Francouz without a rebound.
16:17 of 2nd period - J.T. Compher wins face-off versus Sean Kuraly in KELOWNA ROCKETS zone.
17:40 of 2nd period - Shot by Brayden Schenn.
17:40 of 2nd period - Shot Misses the Net.
18:35 of 2nd period - Icing by Erik Brannstrom.
18:36 of 2nd period - Nick Cousins wins face-off versus Noah Gregor in KELOWNA ROCKETS zone.
18:51 of 2nd period - Lukas Sedlak is hit by Cal Clutterbuck and loses puck.
Goals for this period are 0 for WINNIPEG BEAVERS vs 0 for KELOWNA ROCKETS.
Shots for this period are 9 for WINNIPEG BEAVERS vs 7 for KELOWNA ROCKETS.

3rd period


0:01 of 3rd period - Brayden Schenn wins face-off versus Auston Matthews in neutral zone.
0:30 of 3rd period - Shot by Auston Matthews.
0:30 of 3rd period - Shot Misses the Net.
0:32 of 3rd period - Shot by Dmitri Orlov.
0:32 of 3rd period - Stopped by Ville Husso without a rebound.
0:33 of 3rd period - J.T. Compher wins face-off versus Sean Kuraly in WINNIPEG BEAVERS zone.
0:38 of 3rd period - Shot by Vladimir Tarasenko.
0:38 of 3rd period - Stopped by Ville Husso without a rebound.
0:39 of 3rd period - J.T. Compher wins face-off versus Sean Kuraly in WINNIPEG BEAVERS zone.
0:50 of 3rd period - Shot by Tyler Bertuzzi.
0:50 of 3rd period - Stopped by Ville Husso without a rebound.
0:51 of 3rd period - Brayden Schenn wins face-off versus Auston Matthews in WINNIPEG BEAVERS zone.
0:56 of 3rd period - Auston Matthews is hit by Sam Bennett and loses puck.
1:11 of 3rd period - Shot by Pavel Buchnevich.
1:11 of 3rd period - Shot Blocked by Victor Hedman.
1:20 of 3rd period - Minor Penalty to Adam Larsson for Hooking.
1:21 of 3rd period - J.T. Compher wins face-off versus Sean Kuraly in WINNIPEG BEAVERS zone.
1:38 of 3rd period - Shot by Calle Jarnkrok.
1:38 of 3rd period - Shot Misses the Net.
1:50 of 3rd period - Shot by Anthony DeAngelo.
1:50 of 3rd period - Shot Blocked by Carson Soucy.
1:52 of 3rd period - Shot by J.T. Compher.
1:52 of 3rd period - Stopped by Ville Husso without a rebound.
1:53 of 3rd period - Brayden Schenn wins face-off versus Auston Matthews in WINNIPEG BEAVERS zone.
2:13 of 3rd period - Icing by Vladimir Tarasenko.
2:14 of 3rd period - Auston Matthews wins face-off versus Sean Kuraly in KELOWNA ROCKETS zone.
2:41 of 3rd period - Shot by Tyler Bertuzzi.
2:41 of 3rd period - Stopped by Ville Husso with a rebound.
3:37 of 3rd period - Shot by Derek Ryan.
3:37 of 3rd period - Stopped by Ville Husso without a rebound.
3:38 of 3rd period - Auston Matthews wins face-off versus Dylan Gambrell in WINNIPEG BEAVERS zone.
3:51 of 3rd period - Shot by Auston Matthews.
3:51 of 3rd period - Stopped by Ville Husso without a rebound.
3:52 of 3rd period - Derick Brassard wins face-off versus Noah Gregor in WINNIPEG BEAVERS zone.
3:56 of 3rd period - Brandon Tanev is hit by Adam Fox and loses puck.
4:00 of 3rd period - Icing by Adam Fox.
4:01 of 3rd period - Nick Cousins wins face-off versus Noah Gregor in KELOWNA ROCKETS zone.
4:01 of 3rd period - John Carlson is hit by Adam Fox.
4:08 of 3rd period - Minor Penalty to Dmitri Orlov for Hooking.
4:09 of 3rd period - Brayden Schenn wins face-off versus J.T. Compher in KELOWNA ROCKETS zone.
4:09 of 3rd period - Alexander DeBrincat is hit by Mark Giordano and loses puck.
5:00 of 3rd period - Adam Fox is hit by Sam Bennett and loses puck.
5:43 of 3rd period - Shot by Brandon Saad.
5:43 of 3rd period - Shot Blocked by Erik Brannstrom.
5:45 of 3rd period - Shot by Adam Larsson.
5:45 of 3rd period - Stopped by Pavel Francouz without a rebound.
5:46 of 3rd period - J.T. Compher wins face-off versus Brayden Schenn in KELOWNA ROCKETS zone.
6:22 of 3rd period - Icing by Dmitri Orlov.
6:23 of 3rd period - Derek Ryan wins face-off versus Nick Cousins in KELOWNA ROCKETS zone.
6:23 of 3rd period - Derek Ryan is hit by Cal Clutterbuck.
7:04 of 3rd period - Icing by Nick Cousins.
7:05 of 3rd period - Noah Gregor wins face-off versus Nick Cousins in WINNIPEG BEAVERS zone.
7:09 of 3rd period - Noah Gregor is hit by Caleb Jones and loses puck.
8:11 of 3rd period - Shot by Sam Bennett.
8:11 of 3rd period - Stopped by Pavel Francouz with a rebound.
8:13 of 3rd period - Shot by Adam Larsson.
8:13 of 3rd period - Shot Misses the Net.
8:19 of 3rd period - Shot by Alexander DeBrincat.
8:19 of 3rd period - Deflect By Brayden Schenn.
8:19 of 3rd period - Stopped by Pavel Francouz without a rebound.
8:20 of 3rd period - Sean Kuraly wins face-off versus Auston Matthews in KELOWNA ROCKETS zone.
8:58 of 3rd period - Ondrej Palat is hit by Dmitri Orlov and loses puck.
9:02 of 3rd period - Icing by Adam Fox.
9:03 of 3rd period - Derick Brassard wins face-off versus Auston Matthews in KELOWNA ROCKETS zone.
9:38 of 3rd period - Brandon Tanev is hit by Mark Giordano and loses puck.
10:56 of 3rd period - Erik Brannstrom is hit by Sean Kuraly.
11:23 of 3rd period - Shot by Brandon Saad.
11:23 of 3rd period - Shot Misses the Net.
11:36 of 3rd period - Off-side.
11:37 of 3rd period - Auston Matthews wins face-off versus Derick Brassard in neutral zone.
11:52 of 3rd period - Shot by Brandon Tanev.
11:52 of 3rd period - Stopped by Pavel Francouz without a rebound.
11:53 of 3rd period - Noah Gregor wins face-off versus Nick Cousins in KELOWNA ROCKETS zone.
11:53 of 3rd period - Noah Gregor is hit by Cal Clutterbuck.
12:12 of 3rd period - Off-side.
12:13 of 3rd period - Brayden Schenn wins face-off versus Auston Matthews in neutral zone.
12:43 of 3rd period - Shot by Sam Bennett.
12:43 of 3rd period - Stopped by Pavel Francouz without a rebound.
12:44 of 3rd period - J.T. Compher wins face-off versus Sean Kuraly in KELOWNA ROCKETS zone.
12:44 of 3rd period - J.T. Compher is hit by Sean Kuraly.
14:07 of 3rd period - Valeri Nichushkin is hit by Carson Soucy and loses puck.
15:01 of 3rd period - Shot by Derek Ryan.
15:01 of 3rd period - Stopped by Ville Husso without a rebound.
15:02 of 3rd period - Derick Brassard wins face-off versus J.T. Compher in WINNIPEG BEAVERS zone.
15:46 of 3rd period - Minor Penalty to Sean Kuraly for High sticking.
15:47 of 3rd period - J.T. Compher wins face-off versus Cal Clutterbuck in WINNIPEG BEAVERS zone.
16:24 of 3rd period - Victor Hedman is hit by J.T. Compher.
16:44 of 3rd period - Adam Fox is hit by Derick Brassard and loses puck.
18:44 of 3rd period - Derek Ryan is hit by Cal Clutterbuck and loses puck.
19:35 of 3rd period - WINNIPEG BEAVERS, Ville Husso is pulled from the net.
Goals for this period are 0 for WINNIPEG BEAVERS vs 0 for KELOWNA ROCKETS.
Shots for this period are 5 for WINNIPEG BEAVERS vs 8 for KELOWNA ROCKETS.


OWEN
TIPPETT
GUSTAV
FORSLING
MATTHEW
BOLDY

EAST COAST

HOCKEY LEAGUE

  • 67.PIT4RHI2
  • 68.ATL5WOR3
  • 69.QUECHW
  • 70.CHATRV